| 0:27 | SCV x12 | |
| 0:39 | Unknown | |
| 0:42 | SCV | |
13 | 0:54 | SCV | |
14 | 0:58 | Supply Depot | |
14 | 1:06 | SCV | |
15 | 1:20 | SCV | |
16 | 1:32 | SCV | |
17 | 1:42 | Command Center | |
17 | 1:52 | Barracks | |
17 | 1:54 | SCV | |
18 | 2:06 | SCV | |
19 | 2:13 | Supply Depot | |
19 | 2:18 | Refinery | |
19 | 2:21 | SCV | |
20 | 2:39 | SCV, Barracks | |
20 | 2:40 | Marine | |
22 | 2:46 | Refinery | |
22 | 2:51 | SCV | |
22 | 2:57 | Marine | |
24 | 3:02 | Supply Depot | |
24 | 3:04 | SCV | |
25 | 3:10 | SCV | |
26 | 3:15 | Marine | |
27 | 3:26 | Marine, Factory, SCV | |
29 | 3:33 | Marine | |
30 | 3:37 | SCV | |
30 | 3:41 | SCV | |
32 | 3:43 | Marine | |
33 | 3:50 | SCV | |
33 | 3:51 | Marine | |
33 | 3:53 | SCV | |
36 | 4:01 | Marine | |
37 | 4:05 | Barracks | |
37 | 4:06 | SCV | |
37 | 4:09 | Marine, SCV | |
34 | 4:19 | Marine | |
34 | 4:22 | Hellion | |
35 | 4:27 | Marine | |
35 | 4:37 | Marine | |
30 | 4:44 | Marine | |
26 | 4:48 | SCV | |
27 | 4:54 | Protoss Ground Weapons Level 3, Protoss Shields Level 3, Terran Infantry Armor Level 3, Terran Vehicle Armor Level 3, Marine, Protoss Air Armor Level 3, Terran Ship Weapons Level 3, Protoss Air Weapons Level 3, Zerg Flyer Weapons Level 3, Terran Infantry Weapons Level 3, Zerg Flyer Armor Level 3, Zerg Ground Armor Level 3, Protoss Ground Armor Level 3, Terran Ship Armor Level 3, Zerg Melee Weapons Level 3, Terran Vehicle Weapons Level 3, Zerg Missile Weapons Level 3 | |
27 | 4:59 | SCV | |
29 | 5:03 | Marine | |
29 | 5:06 | Marine | |
31 | 5:12 | Marine | |
28 | 5:15 | Protoss Air Weapons Level 2, Terran Vehicle Armor Level 2, Zerg Flyer Armor Level 2, Zerg Missile Weapons Level 2, Protoss Ground Weapons Level 2, Terran Infantry Armor Level 2, Zerg Flyer Weapons Level 2, Terran Vehicle Weapons Level 2, Protoss Ground Armor Level 2, Protoss Shields Level 2, Protoss Air Armor Level 2, Terran Ship Weapons Level 2, Terran Ship Armor Level 2, Terran Infantry Weapons Level 2, Zerg Melee Weapons Level 2, Zerg Ground Armor Level 2 | |
18 | 5:21 | Marine | |
17 | 5:30 | Blink, Stimpack | |
17 | 5:34 | SCV | |
13 | 5:37 | Zerg Flyer Armor Level 1, Protoss Ground Weapons Level 1, Terran Ship Armor Level 1, Terran Vehicle Weapons Level 1, Warp Gate, Zerg Melee Weapons Level 1, Terran Ship Weapons Level 1, Terran Infantry Weapons Level 1, Zerg Missile Weapons Level 1, Protoss Ground Armor Level 1, Protoss Shields Level 1, Terran Vehicle Armor Level 1, Protoss Air Armor Level 1, Zerg Ground Armor Level 1, Zerg Flyer Weapons Level 1, Terran Infantry Armor Level 1, Protoss Air Weapons Level 1 | |
12 | 5:49 | SCV | |
10 | 5:51 | Extended Thermal Lance, Charge, Resonating Glaives, Building Armor | |
6 | 5:58 | Adrenal Glands, Ventral Sacs | |
2 | 6:04 | Enduring Locusts | |
2 | 6:05 | Personal Cloaking | |
2 | 6:11 | Psionic Storm | |
2 | 6:12 | Neural Parasite, Glial Reconstitution, Tunneling Claws, Corvid Reactor, Metabolic Boost, Neosteel Frame, Centrifical Hooks, Infernal Pre-Igniter, Durable Materials, Chitinous Plating, Combat Shields, Cloaking Field | |
2 | 6:20 | Muscular Augments x2, Burrow | |
2 | 6:34 | Graviton Catapult, Behemoth Reactor, Caduceus Reactor, Pathogen Glands, Moebius Reactor, Observer Gravitic Boosters, Gravitic Drive, Hi-Sec Auto Tracking | |
2 | 6:48 | Weapon Refit, Concussive Shells, Pneumatized Carapace | |
| 7:31 | Unknown x5 | |
| 7:33 | SCV x12 | |
| 7:45 | Unknown | |
| 7:46 | SCV | |
13 | 7:58 | SCV | |
14 | 8:10 | SCV | |
15 | 8:31 | Supply Depot | |
15 | 8:43 | Command Center | |
15 | 8:52 | SCV | |
16 | 9:15 | Command Center | |
16 | 9:43 | Refinery | |
16 | 9:50 | Refinery | |
16 | 9:52 | SCV | |
17 | 9:54 | Supply Depot | |
17 | 10:06 | SCV | |
18 | 10:11 | SCV | |
19 | 10:18 | SCV | |
20 | 10:23 | SCV | |
20 | 10:27 | Barracks | |
21 | 10:30 | SCV | |
21 | 10:31 | SCV | |
23 | 11:03 | SCV | |
6 | 12:02 | SCV | |